 Dungeon Crawl Stone Soup version 0.20.0-10-g0535bb4 (console) character file.

125 removed the Sneak (level 4, 0/26 HPs)
             Began as a Deep Elf Assassin on June 4, 2017.
             Killed from afar by an orc wizard (10 damage)
             ... with a magic dart
             ... on level 3 of the Dungeon.
             The game lasted 00:03:13 (2362 turns).

removed the Sneak (Deep Elf Assassin)               Turns: 2362, Time: 00:03:14

Health: 0/26       AC: 11    Str:  8    XL:     4   Next: 82%
Magic:  6/6        EV: 14    Int: 17    God:
Gold:   80         SH:  0    Dex: 16    Spells: 3/3 levels left

rFire    + . .     SeeInvis .   a - +2 dagger (protect)
rCold    . . .     Gourm    .   (no shield)
rNeg     . . .     Faith    .   c - +0 robe
rPois    .         Spirit   .   q - +0 helmet
rElec    .         Reflect  .   d - +0 cloak
rCorr    .         Harm     .   (no gloves)
MR       .....                  (no boots)
Stlth    +++.......             (no amulet)
Regen    0.1/turn               h - ring of protection from fire
MPRegen  0.1/turn               (no ring)

@: protection aura
A: no striking features
a: no special abilities


You were on level 3 of the Dungeon.
You were hungry.

You visited 1 branch of the dungeon, and saw 3 of its levels.

You collected 80 gold pieces.

Inventory:

Hand Weapons
 a - a +2 dagger of protection (weapon)
 b - a +0 blowgun
 x - a +2 dagger
Missiles
 e - 6 poisoned needles
 f - 2 curare-tipped needles
Armour
 c - a +0 robe (worn)
 d - a +0 cloak (worn)
 q - a +0 helmet (worn)
Jewellery
 h - a ring of protection from fire (left hand)
Scrolls
 k - a scroll of random uselessness {unknown}
 p - a scroll of identify {unknown}
 t - a scroll of amnesia {unknown}
 u - a scroll of immolation {unknown}
Potions
 l - a potion of heal wounds {unknown}
 n - a potion of resistance {unknown}
 o - a potion of flight {unknown}
 r - a potion of curing {unknown}
 v - a potion of might {unknown}
 w - a potion of magic {unknown}
Comestibles
 g - 2 bread rations
 j - 5 meat rations
 s - 11 chunks of flesh


   Skills:
 + Level 1.7 Fighting
 - Level 4.0 Short Blades
 - Level 2.0 Throwing
 - Level 3.7 Dodging
 - Level 4.8 Stealth


You had 3 spell levels left.
You didn't know any spells.

Dungeon Overview and Level Annotations

Branches:
Dungeon (3/15)

Altars:
The Shining One


Message History

Something tries to affect you, but you resist.
You hit something. Something barely misses you.
You hit something.
You hear some strange, mumbled words.
A puff of flame appears from out of thin air!
The puff of flame hits you! You resist.
You barely miss something. Something hits you but does no damage.
You barely miss something. You closely miss something.
Something barely misses you.
You hit something but do no damage.
You hear some strange, mumbled words.
Something tries to affect you, but you resist.
You hit something but do no damage. Something hits you but does no damage.
You closely miss something. Something hits you but does no damage.
You miss something. You barely miss something.
You hear some strange, mumbled words.
A magic dart appears from out of thin air!
The magic dart hits you!
You die...

#...........#
...........#
#..###.....#
..#. ##..###
. ##.##..#
#......#
#..#####o#
#{# #@# #.#
#..# #..#
#..# !...
##... #...
....#


You could see an orc.

Vanquished Creatures
  An orc priest (D:3)
  3 adders (D:2)
  A worm (D:2)
  5 dart slugs
  2 leopard geckos
  4 orcs (D:3)
  A ball python (D:3)
  3 bats
  4 giant cockroaches
  7 hobgoblins
  2 jackals (D:3)
  A quokka (D:2)
  4 frilled lizards
  3 goblins
  4 kobolds
  5 rats
50 creatures vanquished.

Notes
Turn   | Place    | Note
-------+----------+-------------------------------------------
     0 | D:1      | removed the Deep Elf Assassin began the quest for the Orb.
     0 | D:1      | Reached XP level 1. HP: 12/12 MP: 3/3
   341 | D:1      | Reached XP level 2. HP: 16/16 MP: 4/4
   580 | D:1      | Found a glowing golden altar of the Shining One.
  1037 | D:2      | Reached XP level 3. HP: 17/20 MP: 5/5
  1635 | D:2      | Reached XP level 4. HP: 25/25 MP: 6/6
  2362 | D:3      | Killed from afar by an orc wizard

Skill      XL: |  1  2  3  4 |
---------------+-------------+-----
Short Blades   | 3 4 |  4.0
Dodging        | 2 3 |  3.7
Fighting       | |  1.7
Throwing       | |  2.0
Stealth        | |  4.8

Action                   |  1- 3 |  4- 6 || total
-------------------------+-------+-------++-------
Melee: Dagger            |   102 |   105 ||   207
 Fire: Blowgun           |    18 |     9 ||    27
 Stab: Sleeping          |    15 |     3 ||    18
  Eat: Chunk             |     2 |     2 ||     4
Armor: Robe              |    20 |    26 ||    46
Dodge: Dodged            |    41 |    71 ||   112
